Match 38254568
Unlisted

Match 38254568
End
Vickers Machine Gun Team
Construct Section Command Post
Infantry Section
Selects Air and Sea Battlegroup
Infantry Section
ML 3-inch Mortar Team
Selects Supply Surplus
Construct Platoon Command Post
Grenade Package
Humber Armored Car
Royal Engineer Section
Selects Commando Section Paradrop
Selects Commando Support Section Paradrop
Commando Support Section Paradrop
Construct Company Command Post
Construct Resource Cache
Matilda II Heavy Tank
Unlock M3 Grant Medium Tanks
Construct Resource Cache
Crusader II Medium Tank
Construct Resource Cache
Armored Vehicle Training
Selects Anti-tank Rocket Loiter
Infantry Section
Anti-tank Rocket Loiter
Construct Resource Cache
Infantry Training
Selects Centaur Medium Tank
BurninChicken
Bruistablet
Monkey CPU
Professor gibberish
Assault121
♛Prince-Of-Persia♛
IronDragon
Meleys
0
0

Comments sign in to comment!

No comments posted yet!